 Dungeon Crawl Stone Soup version 0.25.1-2-g60ff931df9 (console) character file.

Game seed: 13345554488639609069

28 Colgate the Cutter (level 3, 25/25 HPs)
             Began as a Halfling Berserker on Aug 20, 2020.
             Was a Believer of Trog.
             Quit the game on level 1 of the Dungeon.
             The game lasted 00:08:59 (1028 turns).

Colgate the Cutter (Halfling Berserker)             Turns: 1028, Time: 00:08:59

Health: 25/25      AC:  3    Str: 18    XL:     3   Next: 30%
Magic:  3/3        EV: 15    Int:  5    God:    Trog [**....]
Gold:   63         SH:  0    Dex: 14    Spells: 2/2 levels left

rFire    . . .     SeeInvis .   r - -1 whip (curse)
rCold    . . .     Gourm    .   (shield restricted)
rNeg     . . .     Faith    .   m - +0 animal skin
rPois    .         Spirit   .   e - +0 helmet
rElec    .         Reflect  .   (no cloak)
rCorr    +         Harm     .   (no gloves)
MR       .....                  (no boots)
Stlth    +.........             (no amulet)
HPRegen  0.08/turn              i - ring of resist corrosion
MPRegen  0.08/turn              (no ring)

@: no status effects
A: small, mutation resistance 1
a: Berserk, Trog's Hand, Renounce Religion


You were on level 1 of the Dungeon.
You worshipped Trog.
Trog was pleased with you.
You were not hungry.

You visited 1 branch of the dungeon, and saw 1 of its levels.

You collected 63 gold pieces.

Inventory:

Hand Weapons
 a - a +2 dagger of speed
 b - a +0 hunting sling
 p - a +0 short sword
 r - a cursed -1 whip (weapon)
Missiles
 f - 42 stones (quivered)
 o - 4 sling bullets
Armour
 e - a +0 helmet (worn)
 m - a +0 animal skin (worn)
Jewellery
 i - a ring of resist corrosion (left hand)
Scrolls
 j - a scroll of teleportation
 k - a scroll of noise
 q - a scroll of random uselessness
Potions
 d - a potion of lignification
 l - a potion of degeneration {unknown}
 n - a potion of curing {unknown}
Comestibles
 c - 2 rations
 g - 10 chunks of flesh


   Skills:
 - Level 2.6 Fighting
 - Level 5.0 Short Blades
 + Level 0.6 Slings
 - Level 2.1 Armour
 - Level 2.1 Dodging


You had 2 spell levels left.
You didn't know any spells.
Your spell library was empty.

Dungeon Overview and Level Annotations

Branches:
Dungeon (1/15)

Altars:


Innate Abilities, Weirdness & Mutations

You are small and have problems with some larger weapons.
You are somewhat resistant to further mutation.


Message History

b - a +0 hunting sling (weapon)
Your hands tingle!
a - a +2 dagger of speed (weapon)
b - a +0 hunting sling (weapon)
Some of the chunks of flesh in your inventory have rotted away.
q - a scroll labeled GOGESK USKUNUM You see here a runed whip.
r - a runed whip It sticks to your hand!
r - a cursed -1 whip (weapon)
As you read the scroll labeled RUG TUALETAIPT, it crumbles to dust.
It is a scroll of identify.
d - a potion of lignification
As you read the scroll of identify, it crumbles to dust.
j - a scroll of teleportation
As you read the scroll of identify, it crumbles to dust.
k - a scroll of noise
As you read the scroll of identify, it crumbles to dust.
q - a scroll of random uselessness Are you sure you want to abandon this character and quit the game? (Confirm with "yes".)

#รท####.....###.#
#.# # ....##..#.##
#.# #.# #
#.#.##..#.####.#
#.###
#.#............#
#....
#.......#.######
##### #########.#
#.# #.# #.#
..###########
........@...########
#..
.######...........#
#.# #.##.#.####.#
#.## #.##.#.## #.#
#.## #.##....#
#.###.## #.##.#..#
#.#..... #.......#
#.#.....
####.##.###.#.....
##+##
#........#...>.
##...##
####.#####..... #
##.....## ####.#
###.##


There were no monsters in sight!

Vanquished Creatures
  A dart slug (D:1)
  A leopard gecko (D:1)
  A giant cockroach (D:1)
  4 goblins (D:1)
  2 hobgoblins (D:1)
  6 kobolds (D:1)
  5 bats (D:1)
  2 frilled lizards (D:1)
  2 rats (D:1)
24 creatures vanquished.

Notes
Turn   | Place    | Note
-------+----------+-------------------------------------------
     0 | D:1      | Colgate the Halfling Berserker began the quest for the Orb.
     0 | D:1      | Reached XP level 1. HP: 15/15 MP: 1/1
   270 | D:1      | Reached skill level 4 in Short Blades
   345 | D:1      | Reached XP level 2. HP: 20/20 MP: 2/2
   808 | D:1      | Reached XP level 3. HP: 25/25 MP: 3/3
   897 | D:1      | Reached skill level 5 in Short Blades
   905 | D:1      | Reached ** piety under Trog
  1028 | D:1      | Quit the game

Illustrated notes

Levels and vault maps discovered:
D:1:      dpeg_arrival_tiny_a, layout_loops_corners

Skill      XL: |  1  2  3 |
---------------+----------+-----
Short Blades   | 4 5 |  5.0
Fighting       | |  2.6
Slings         | |  0.6
Armour         | |  2.1
Dodging        | |  2.1

Action                   || total
-------------------------++-------
Melee: Short sword       ||    63
 Fire: Hunting sling     ||    14
Throw: Stone             ||    24
  Use: Scroll            ||     4
Armor: Animal skin       ||    10
Dodge: Dodged            ||    50
